Map: [ESL] Site Delta

Players

DnS

  • Race: Protoss Protoss
  • Spawn Location: 5:00

ShaDoWn - Winner!

  • Race: Protoss Protoss
  • Spawn Location: 11:00

Event: ESL SC2 Masters 2024 Spring (Regional)

VOD

Have the link to the VOD?

Description

Time

  • Played on: April 10, 2024, 9:33 a.m.
  • Length: 4:41

All games in this series

Show
View Real Time Build Order
Export as new Build Order

DnS Protoss 

Build Orders: Proxy Void Ray 

Get SALT Encoding   

  12  0:00  Probe  
  13  0:12  Probe  
  14  0:17  Pylon  
  14  0:24  Probe  
  15  0:36  Probe (Chrono Boost)  
  15  0:38  Gateway  
  16  0:46  Assimilator, Probe (Chrono Boost)  
  17  0:51  Probe (Chrono Boost)  
  18  1:03  Probe (Chrono Boost)  
  19  1:05  Assimilator  
  19  1:06  Pylon  
  19  1:14  Probe (Chrono Boost)  
  20  1:19  Probe (Chrono Boost)  
  21  1:26  Cybernetics Core  
  21  1:29  Probe  
  22  1:34  Zealot  
  24  1:41  Probe  
  25  1:53  Probe  
  26  2:03  Stargate  
  26  2:05  Adept  
  28  2:20  Probe  
  29  2:30  Pylon  
  29  2:35  Nexus  
  29  2:43  Shield Battery  
  32  3:02  Void Ray (Chrono Boost)  
  33  3:05  Stalker  
  35  3:15  Forge  
  33  3:24  Probe  
  38  3:41  Void Ray (Chrono Boost)  
  38  3:46  Shield Battery  
  38  3:50  Sentry (Chrono Boost)  
  38  3:53  Photon Cannon  
  40  4:02  Photon Cannon  
  43  4:25  Pylon  
  41  4:31  Pylon  
Show
View Real Time Build Order
Export as new Build Order

ShaDoWn Protoss - Winner!

Build Orders:  

Get SALT Encoding   

  12  0:00  Probe  
  13  0:12  Probe  
  14  0:17  Pylon  
  14  0:24  Probe  
  15  0:35  Gateway  
  15  0:36  Probe (Chrono Boost)  
  16  0:46  Assimilator, Probe (Chrono Boost)  
  17  0:51  Probe (Chrono Boost)  
  18  1:03  Probe (Chrono Boost)  
  19  1:04  Assimilator  
  19  1:13  Probe (Chrono Boost)  
  19  1:14  Gateway  
  19  1:18  Probe (Chrono Boost)  
  20  1:24  Cybernetics Core  
  21  1:29  Probe  
  22  1:37  Pylon  
  22  1:41  Probe  
  23  1:55  Probe  
  23  1:59  Warp Gate (Chrono Boost)  
  23  2:00  Stalker  
  26  2:01  Stalker  
  28  2:16  Pylon  
  28  2:31  Pylon  
  28  2:34  Stalker  
  30  2:44  Gateway  
  30  2:49  Stalker  
  32  2:52  Gateway  
  32  3:02  Shield Battery  
  32  3:03  Stalker  
  34  3:09  Pylon  
  34  3:37  Stalker  
  34  3:40  Stalker  
  38  3:44  Stalker  
  38  3:47  Stalker  
  41  3:49  Pylon  
  41  4:03  Stalker x2  
  41  4:07  Stalker  
  47  4:23  Stalker  
  47  4:30  Stalker x2  
  49  4:36  Stalker  
Tags
 
Add a new tag
Caveats
  • Supply blocks, unpowered buildings, or Contaminate may cause inaccurate times.
  • Supply counts are checked every 10 seconds.